 Dungeon Crawl Stone Soup version 0.29.0-10-g45618ea6d2 (webtiles) character file.

Game seed: 14043082976211292889

2753 Flugkiller the Cleaver (level 9, -15/90 HPs)
             Began as a Minotaur Fighter on Sept 1, 2022.
             Was an Initiate of Okawaru.
             Demolished by an orc warlord
             ... wielding a +4 broad axe
              (24 damage)
             ... in a bailey.
             The game lasted 00:04:45 (6538 turns).

Flugkiller the Cleaver (Minotaur Fighter)           Turns: 6538, Time: 00:04:45

Health: -15/90     AC: 23    Str: 21    XL:     9   Next: 41%
Magic:  0/8        EV:  6    Int:  5    God:    Okawaru [......]
Gold:   395        SH:  5    Dex: 14    Spells: 8/8 levels left

rFire   + . .      SeeInvis .   a - +0 war axe
rCold   . . .      Faith    .   E - +0 buckler {rF+}
rNeg    . . .      Spirit   +   e - +0 plate armour
rPois   +          Reflect  .   (helmet restricted)
rElec   .          Harm     .   u - +0 cloak
rCorr   .          Rampage  .   m - +0 pair of gloves
Will    .....                   x - +2 pair of boots
Stlth   ..........              s - amulet of guardian spirit
HPRegen 0.25/turn               o - ring of poison resistance
MPRegen 0.11/turn               p - +4 ring of protection

@: attractive, hasted, very quick
A: horns 2, retaliatory headbutt, low MP 1, robust 1, subdued magic 1, noise
suppression
a: Renounce Religion


You were in a bailey.
You worshipped Okawaru.
Okawaru was noncommittal.
You visited 2 branches of the dungeon, and saw 8 of its levels.
You also visited: Bailey.

You collected 395 gold pieces.

Inventory:

Hand Weapons
 a - a +0 war axe (weapon)
Missiles
 J - 4 boomerangs (quivered)
Armour
 e - a +0 plate armour (worn)
   (You found it on level 1 of the Dungeon)
 m - a +0 pair of gloves (worn)
   (You found it on level 2 of the Dungeon)
 u - a +0 cloak (worn)
   (You found it on level 3 of the Dungeon)
 x - a +2 pair of boots (worn)
   (You found it on level 3 of the Dungeon)
 E - a +0 buckler of fire resistance (worn)
   (You found it on level 1 of the Dungeon)
Jewellery
 b - a ring of magical power
   (You found it on level 3 of the Dungeon)
 d - an amulet of faith
   (You found it on level 6 of the Dungeon)
 i - a ring of wizardry
   (You found it on level 2 of the Dungeon)
 o - a ring of poison resistance (left hand)
   (You found it on level 2 of the Dungeon)
 p - a +4 ring of protection (right hand)
   (You found it on level 3 of the Dungeon)
 s - an amulet of guardian spirit (around neck)
   (You found it on level 3 of the Dungeon)
 v - a ring of fire
   (You found it on level 4 of the Dungeon)
 B - the ring "Nipton" {Fly Will++}
   (You found it on level 5 of the Dungeon)

   [ring of flight]

   Fly:       It grants you flight.
   Will:      It greatly increases your willpower.
 I - a ring of flight
   (You found it on level 7 of the Dungeon)
Wands
 g - a wand of digging (4)
   (You found it on level 6 of the Dungeon)
Scrolls
 f - a scroll of immolation
 j - a scroll of enchant weapon
 k - 2 scrolls of enchant armour
 l - 2 scrolls of magic mapping
 r - a scroll of identify
 t - a scroll of acquirement
 y - a scroll of vulnerability
 G - a scroll of poison
Potions
 c - 2 potions of mutation
 h - 4 potions of brilliance
 n - a potion of attraction
 q - 8 potions of curing
 A - a potion of berserk rage {unknown}
 C - a potion of ambrosia


   Skills:
 + Level 8.5 Fighting
 * Level 11.1 Axes
 + Level 8.4 Armour
 - Level 3.6 Shields
 + Level 1.7 Invocations


You had 8 spell levels left.
You didn't know any spells.
Your spell library was empty.

Dungeon Overview and Level Annotations

Branches:
Dungeon (7/15)             Temple (1/1) D:6          Bailey (1/1)

Altars:
Ashenzari
Cheibriados
Dithmenos
Elyvilon
Fedhas
Gozag
Makhleb
Nemelex Xobeh
Okawaru
Qazlal
Sif Muna
Uskayaw
Vehumet
Wu Jian
Xom
Yredelemnul
Zin
The Shining One

Annotations:
Bailey 3 runed translucent doors


Innate Abilities, Weirdness & Mutations

You have a pair of horns on your head.
You reflexively headbutt those who attack you in melee.
Your magical capacity is low. (-10% MP)
You are robust. (+10% HP)
Your spells are a little easier to cast, but a little less powerful.
You passively dampen the noise of your surroundings.


Message History

* * * LOW HITPOINT WARNING * * *
Unknown command.
Your surroundings seem slightly different.
Found a gate leading back out of this place.
Unknown command.
You feel much better.
The hobgoblin hits you but does no damage.
You feel much better. The hobgoblin barely misses you.
Okay, then.
Okay, then.
The air fills with toxic fumes!
As you read the scroll labelled YXOIPL CEGHUNK, it crumbles to dust.
It was a scroll of poison.
The hobgoblin hits you but does no damage.
The orc warlord roars a battlecry!
The orc goes into a battle-frenzy!
Unknown command.
Unknown command.
Unknown command.
It was a potion of mutation.
You feel extremely strange.
You feel robust.
You feel less energetic.
Your connection to magic feels subdued.
You feel your surroundings grow quieter.
The hobgoblin hits you with a +0 hand axe.
The orc warlord hits you with a +4 broad axe!!
* * * LOW HITPOINT WARNING * * *
As you read the scroll labelled ATIAME BEITY, it crumbles to dust.
Wisps of shadow whirl around you...
The shadows disperse without effect.
It was a scroll of summoning.
The hobgoblin hits you with a +0 hand axe.
* * * LOW HITPOINT WARNING * * *
The orc warlord hits you with a +4 broad axe.
* * * LOW HITPOINT WARNING * * *
You feel much better. You block the hobgoblin's attack.
The orc warlord hits you with a +4 broad axe!!
* * * LOW HITPOINT WARNING * * *
It was a potion of attraction.
You feel attractive to monsters. The hobgoblin completely misses you.
The orc warlord hits you with a +4 broad axe!
* * * LOW HITPOINT WARNING * * *
The orc is attracted toward you.
Okay, then.
Okay, then.
Okay, then.
It was a potion of haste.
You feel yourself speed up.
The orc is engulfed in poison gas.
The orc is poisoned.
The hobgoblin hits you with a +0 hand axe.
* * * LOW HITPOINT WARNING * * *
The orc warlord hits you but does no damage.
You enter the shallow water.
Moving in this stuff is going to be slow.
The orc warlord is attracted toward you.
The hobgoblin is attracted toward you. The orc is attracted toward you.
The hobgoblin is engulfed in poison gas.
The hobgoblin is poisoned.
You kill the hobgoblin!
You hear a splash. x2
The orc warlord is engulfed in poison gas.
The orc warlord is poisoned.
The orc warlord hits you but does no damage.
The orc warlord is engulfed in poison gas.
The orc warlord looks even sicker.
The orc is attracted toward you.
The orc is engulfed in poison gas.
The orc looks even sicker.
You kill the orc!
Okawaru accepts your kill.
The orc warlord looks even sicker.
The orc warlord is engulfed in poison gas.
The orc warlord looks as sick as possible!
The orc shouts!
The orc warlord is attracted toward you.
The gnoll shouts!
The orc warlord is engulfed in poison gas.
The orc warlord looks as sick as possible!
You enter the shallow water.
Moving in this stuff is going to be slow.
Found a potion of haste.
The orc warlord is engulfed in poison gas.
The orc warlord looks as sick as possible!
The orc warlord is engulfed in poison gas.
The orc warlord looks as sick as possible!
The orc warlord is attracted toward you.
The orc warlord is engulfed in poison gas.
The orc warlord looks as sick as possible!
The orc warlord is attracted toward you.
The orc warlord is attracted toward you.
The orc warlord is attracted toward you.
The orc warlord hits you with a +4 broad axe!
* * * LOW HITPOINT WARNING * * *
Unknown command.
You see here a scroll of acquirement.
t - a scroll of acquirement Unknown command.
You see here a ring of ice.
Unknown command.
Okay, then.
Okay, then.
You feel better.
The orc warlord hits you with a +4 broad axe!!
You die...

#.....##.....##.....##
...8...##'''##...8...##
......................#
.......................
8..8.............8..8..
........o......).......
.....####.o.####......#
....##~~#####~~##....##
#...#~@o8...8!|~#††.##.
### #~.........)#†###..
#~..8...8.)~#.~~~..
##.........##.~~~..
#~....∩....~#.~~~..
#~.........~#o~~~..
#~~.8...8.~~#§~~~..
###.......###(###..
#~.8...8.~#).).##.


You could see an orc warlord (very poisoned), an orc knight and an orc warrior.

Vanquished Creatures
  The ghost of Arum the Firebug, a novice DsFE (D:5)
  Prince Ribbit (D:6)
  Sigmund (D:6)
  Eustachio (D:6)
  A water moccasin (D:7)
  A sky beast (D:6)
  An orc warrior (D:6)
  An ice beast (D:7)
  2 black bears
  An ogre (D:6)
  A phantom (D:6)
  A necrophage (D:4)
  2 scorpions
  4 wights
  3 hounds (D:6)
  5 orc priests
  2 jellies (D:2)
  A gnoll bouda (D:5)
  Ijyb (D:4)
  4 orc wizards
  Natasha (D:4)
  4 iguanas
  7 gnolls (D:5)
  9 adders
  2 white imps (D:6)
  2 ufetubi
  A worm (D:3)
  A dart slug (D:1)
  26 orcs
  16 endoplasms
  3 giant cockroaches
  3 hobgoblins
  4 jackals (D:4)
  14 kobolds
  8 quokkas
  2 ball pythons
  5 bats
  3 frilled lizards
  16 goblins
  3 rats
165 creatures vanquished.

Vanquished Creatures (others)
  10 fungi (D:2)
  8 toadstools (D:2)
18 creatures vanquished.

Grand Total: 183 creatures vanquished

Notes
Turn   | Place    | Note
-------+----------+-------------------------------------------
     0 | D:1      | Flugkiller the Minotaur Fighter began the quest for the
                  | Orb.
     0 | D:1      | Reached XP level 1. HP: 19/19 MP: 0/0
   292 | D:1      | Reached XP level 2. HP: 27/27 MP: 1/1
   370 | D:1      | Reached skill level 3 in Axes
   872 | D:2      | Reached XP level 3. HP: 33/33 MP: 2/2
  1000 | D:2      | Reached skill level 4 in Axes
  1587 | D:2      | Reached XP level 4. HP: 35/41 MP: 3/3
  2080 | D:3      | Reached skill level 5 in Axes
  2080 | D:3      | Reached XP level 5. HP: 42/47 MP: 4/4
  2249 | D:3      | Found a faded altar of an unknown god.
  2744 | D:4      | Noticed an angel
  2745 | D:4      | Found a glowing silver altar of Zin.
  2746 | D:4      | Found a shimmering altar of Xom.
  2905 | D:4      | Reached skill level 5 in Fighting
  3068 | D:4      | Noticed a black bear
  3077 | D:4      | Killed a black bear
  3078 | D:4      | Reached skill level 5 in Armour
  3078 | D:4      | Reached XP level 6. HP: 46/56 MP: 5/5
  3081 | D:4      | Reached skill level 6 in Axes
  3199 | D:4      | Noticed Ijyb
  3207 | D:4      | Killed Ijyb
  3519 | D:4      | Found an ornate altar of the Wu Jian Council.
  3572 | D:4      | Noticed Natasha
  3578 | D:4      | Killed Natasha
  3579 | D:4      | Reached XP level 7. HP: 61/62 MP: 6/6
  3745 | D:5      | Entered Level 5 of the Dungeon
  3853 | D:5      | Found a runed translucent gate.
  3853 | D:5      | Found a runed translucent gate.
  3857 | D:5      | Found a runed translucent gate.
  3859 | D:5      | Noticed Arum's ghost (novice DsFE)
  4091 | D:5      | Identified the ring "Nipton" {Fly Will++}
  4187 | D:5      | Reached skill level 7 in Axes
  4709 | D:5      | Killed Arum's ghost
  4710 | D:5      | Reached skill level 8 in Axes
  4870 | D:6      | Reached XP level 8. HP: 70/71 MP: 7/7
  4877 | D:6      | Noticed Sigmund
  4879 | D:6      | Noticed Prince Ribbit
  4908 | D:6      | Killed Sigmund
  4912 | D:6      | Killed Prince Ribbit
  4913 | D:6      | Reached skill level 9 in Axes
  5439 | D:6      | Reached skill level 10 in Axes
  5854 | D:6      | Noticed Eustachio
  5863 | D:6      | Killed Eustachio
  5864 | D:6      | Reached XP level 9. HP: 81/81 MP: 8/8
  6015 | D:6      | Found a staircase to the Ecumenical Temple.
  6020 | Temple   | Entered the Ecumenical Temple
  6065 | Temple   | Became a worshipper of Warmaster Okawaru
  6142 | D:7      | Reached skill level 1 in Invocations
  6198 | D:7      | Reached skill level 11 in Axes
  6422 | D:7      | Found a flagged portal.
  6432 | Bailey   | Entered a bailey
  6437 | Bailey   | Noticed an orc warlord
  6471 | Bailey   | Noticed an orc knight
  6506 | Bailey   | HP: 3/82 [orc warrior/+0 war axe (14)]
  6511 | Bailey   | Gained mutation: You are robust. (+10% HP) [potion of
                  | mutation]
  6511 | Bailey   | Gained mutation: Your magical capacity is low. (-10% MP)
                  | [potion of mutation]
  6511 | Bailey   | Gained mutation: Your spells are a little easier to cast,
                  | but a little less powerful. [potion of mutation]
  6511 | Bailey   | Gained mutation: You passively dampen the noise of your
                  | surroundings. [potion of mutation]
  6518 | Bailey   | Found a runed translucent gate.
  6518 | Bailey   | Found a runed translucent gate.
  6518 | Bailey   | Found a runed translucent gate.
  6534 | Bailey   | HP: 1/90 [orc warlord/+4 broad axe (10)]
  6538 | Bailey   | Demolished by an orc warlord

Illustrated notes

Levels and vault maps discovered:
D:1:      dpeg_arrival_three_same_balls, layout_loops_ring
D:2:      cheibrodos_fertilizer, layout_rooms
D:3:      layout_rooms, dreamdust_ecumenical_altar_statues
D:4:      minmay_opposing_rooms, layout_basic, nzn_wu_jian_council_hall,
          grunt_temple_overflow_order_and_chaos_1, bh_walls_and_bars,
          uniq_natasha, uniq_ijyb
D:5:      layout_loops_ring, biasface_ghost_orc_armoury,
          serial_co_window_serial, co_window_cross_1, co_window_corner_a,
          co_window_paths_a, co_window_cross_1, co_window_paths_a,
          co_window_of_opportunity_b, co_window_of_opportunity_b,
          co_window_2corner, glass_columns_a, glass_columns_c,
          dreamdust_princess_corridor, st_stairs_9
D:6:      layout_basic, temple_doors_ab, uniq_eustachio, uniq_prince_ribbit1,
          uniq_sigmund
D:7:      layout_loops_ring, nicolae_overflow_squiral, enter_bailey_3
Temple:   hellmonk_temple_of_storms
Bailey:   bailey_axe_bossmonster_kennysheep, bailey

Skill      XL: |  1  2  3  4  5  6  7  8  9 |
---------------+----------------------------+-----
Axes           | 3 4 5 6 8 10 11 | 11.1
Fighting       | 4 5 6 8 |  8.5
Armour         | 4 5 6 8 |  8.4
Invocations    | 1 |  1.7
Shields        | |  3.6

Action                   |  1- 3 |  4- 6 |  7- 9 || total
-------------------------+-------+-------+-------++-------
Melee: War axe           |    85 |    98 |   222 ||   405
       Headbutt          |    10 |    20 |    35 ||    65
Evoke: Wand              |       |       |     1 ||     1
  Use: Scroll            |     6 |     1 |     7 ||    14
       Potion            |       |       |    12 ||    12
Armor: Scale mail        |     8 |       |       ||     8
       Plate armour      |    68 |    71 |   162 ||   301
Dodge: Dodged            |    32 |    21 |    60 ||   113
Block: Buckler           |    30 |    22 |    56 ||   108
